 Dungeon Crawl Stone Soup version 0.23.2-40-g277498a001 (webtiles) character file.

Game seed: 6030859714760930822

308 Frank2 the Chopper (level 5, -3/42 HPs)
             Began as a Demigod Gladiator on Sept 6, 2019.
             Slain by a worker ant (4 damage)
             ... on level 4 of the Dungeon.
             The game lasted 00:04:30 (3383 turns).

Frank2 the Chopper (Demigod Gladiator)              Turns: 3383, Time: 00:04:31

Health: -3/42      AC:  7    Str: 17    XL:     5   Next: 94%
Magic:  8/8        EV: 11    Int: 12    God:
Gold:   105        SH:  0    Dex: 19    Spells: 4/4 levels left

rFire    . . .     SeeInvis .   a - +1 war axe
rCold    . . .     Gourm    .   (no shield)
rNeg     . . .     Faith    .   k - +0 scale mail
rPois    .         Spirit   .   c - +0 helmet
rElec    .         Reflect  .   (no cloak)
rCorr    .         Harm     .   (no gloves)
MR       .....                  (no boots)
Stlth    ..........             o - amulet of rage
HPRegen  0.14/turn              (no ring)
MPRegen  0.11/turn              (no ring)

@: lethally poisoned (-3 -> -16)
A: high mp 1
a: Evoke Berserk Rage


You were on level 4 of the Dungeon.
You were not hungry.

You visited 1 branch of the dungeon, and saw 4 of its levels.

You collected 105 gold pieces.

Inventory:

Hand Weapons
 a - a +1 war axe (weapon)
Missiles
 d - 2 throwing nets (quivered)
Armour
 c - a +0 helmet (worn)
 k - a +0 scale mail (worn)
Jewellery
 e - an uncursed amulet of the gourmand {unknown}
 i - an uncursed ring of protection from fire {unknown}
 o - an amulet of rage (around neck)
 s - an uncursed amulet of magic regeneration {unknown}
Wands
 v - a wand of paralysis (10)
Scrolls
 b - 2 scrolls of fear
 q - a scroll of random uselessness {unknown}
 r - a scroll of fog {unknown}
 t - a scroll of enchant armour {unknown}
Potions
 g - a potion of curing
 h - a potion of flight {unknown}
 j - a potion of lignification
 l - a potion of might {unknown}
 m - a potion of haste {unknown}
 n - a potion of agility {unknown}
 p - a potion of berserk rage {unknown}
Comestibles
 f - 5 rations
 u - 5 chunks of flesh


   Skills:
 + Level 2.5 Fighting
 + Level 4.2 Axes
 - Level 1.7 Throwing
 * Level 2.9 Armour
 + Level 3.3 Dodging
 * Level 1.7 Evocations


You had 4 spell levels left.
You didn't know any spells.
Your spell library was empty.

Dungeon Overview and Level Annotations

Branches:
Dungeon (4/15)
 Temple: D:4-7


Innate Abilities, Weirdness & Mutations

You have an increased reservoir of magic. (+10% MP)


Message History

The worker ant twitches its antennae in your direction.
Found 24 sling bullets.
There is an open door here.
You barely miss the worker ant. The worker ant bites you.
* * * LOW HITPOINT WARNING * * *
You are poisoned.
The worker ant poisons you! The worker ant bites you.
* * * LOW HITPOINT WARNING * * *
You barely miss the worker ant.
* * * LOW HITPOINT WARNING * * *
You feel sick. The worker ant bites you.
* * * LOW HITPOINT WARNING * * *
You are more poisoned.
The worker ant poisons you!
You barely miss the worker ant.
* * * LOW HITPOINT WARNING * * *
You feel sick. The worker ant bites you.
* * * LOW HITPOINT WARNING * * *
The worker ant bites you.
You die...

##.## #######. #.# #....
#.# #.##. ##[## #.##.
##...## #.... ##.....##
####. . # ##.......#
##..
.(.(#.##.........####...
......a@.........+......
......##.........####...
....# ##.<.....## ##..
.## ##.....## ##.
##...## #. #+## #. #.#
#. #.# #. ..#######.##
#.


You could see a worker ant.

Vanquished Creatures
  Natasha (D:4)
  3 orc wizards
  A worker ant (D:4)
  A gnoll (D:1)
  6 adders
  3 worms (D:2)
  5 dart slugs
  2 leopard geckos
  6 orcs
  4 bats
  A bat skeleton (D:2)
  5 giant cockroaches
  3 goblins (D:2)
  6 hobgoblins
  4 jackals (D:2)
  12 kobolds
  3 quokkas
  A ball python (D:1)
  5 frilled lizards
  6 rats
78 creatures vanquished.

Vanquished Creatures (others)
  An orc wizard (D:4)
1 creature vanquished.

Grand Total: 79 creatures vanquished

Notes
Turn   | Place    | Note
-------+----------+-------------------------------------------
     0 | D:1      | Frank2 the Demigod Gladiator began the quest for the Orb.
     0 | D:1      | Reached XP level 1. HP: 17/17 MP: 3/3
    58 | D:1      | Reached skill level 3 in Axes
    58 | D:1      | Reached XP level 2. HP: 11/24 MP: 4/4
   535 | D:1      | Reached skill level 1 in Armour
   800 | D:2      | Reached XP level 3. HP: 29/29 MP: 5/5
  1090 | D:2      | Found a burning altar of Makhleb.
  1152 | D:2      | Found a snail-covered altar of Cheibriados.
  1326 | D:2      | Reached skill level 1 in Evocations
  1326 | D:2      | Reached XP level 4. HP: 21/36 MP: 7/7
  2422 | D:3      | Noticed an orc warrior
  2720 | D:3      | Reached XP level 5. HP: 22/42 MP: 8/8
  3083 | D:4      | Noticed Natasha
  3089 | D:4      | Killed Natasha
  3089 | D:4      | Reached skill level 4 in Axes
  3383 | D:4      | HP: 1/42 [worker ant (4)]
  3383 | D:4      | Slain by a worker ant

Skill      XL: |  1  2  3  4  5 |
---------------+----------------+-----
Axes           | 3 4 |  4.2
Dodging        | 3 |  3.3
Fighting       | 2 |  2.5
Armour         | 1 2 |  2.9
Evocations     | 1 |  1.7
Throwing       | |  1.7

Action                   |  1- 3 |  4- 6 || total
-------------------------+-------+-------++-------
Melee: War axe           |   110 |   137 ||   247
Throw: Throwing net      |     1 |       ||     1
  Use: Scroll            |     6 |     3 ||     9
       Potion            |       |     2 ||     2
 Stab: Held in net/web   |     1 |       ||     1
       Sleeping          |     1 |       ||     1
  Eat: Chunk             |     1 |     7 ||     8
Armor: Leather armour    |    19 |       ||    19
       Scale mail        |    35 |    58 ||    93
Dodge: Dodged            |    96 |    90 ||   186
